 Dungeon Crawl Stone Soup version 0.17-a0-1133-gfb1399f (webtiles) character file.

43 Hanyuu the Insei (level 3, -4/23 HPs)
             Began as an Octopode Transmuter on May 25, 2015.
             Slain by a gnoll
             ... wielding a +0 halberd
              (14 damage)
             ... on level 2 of the Dungeon.
             The game lasted 00:02:37 (1324 turns).

Hanyuu the Insei (Octopode Transmuter)              Turns: 1324, Time: 00:02:37

Health: -4/23      AC:  2    Str:  9    XL:     3   Next: 58%
Magic:  3/6        EV: 19    Int: 16    God:
Gold:   57         SH:  0    Dex: 17    Spells: 3 memorised, 0 levels left

rFire  . . .     SeeInvis .       - Unarmed
rCold  . . .     Clarity  .     (shield currently unavailable)
rNeg   . . .     SustAt   .     (helmet currently unavailable)
rPois  x         Gourm    .     (no amulet)
rElec  .         Spirit   .     (no ring)
rCorr  .         Warding  .     (no ring)
rMut   .         Stasis   .     (no ring)
MR     .....                    (no ring)
Stlth  ++........               (no ring)
                                (no ring)
                                (no ring)
                                (no ring)

@: spider-form (expiring), not resistant to hostile enchantments, unstealthy
A: almost no armour, amphibious, 8 rings, (constrict 8), (camouflage 0),
(gelatinous body 0)
a: End Transformation


You were on level 2 of the Dungeon.
You were not hungry.
You were a venomous arachnid creature.
You visited 1 branch of the dungeon, and saw 2 of its levels.

You collected 57 gold pieces.

Inventory:

Missiles
 a - 12 arrows
 p - a throwing net (quivered)
Magical devices
 m - a wand of frost (16)
Scrolls
 e - 3 scrolls of remove curse {unknown}
 f - a scroll of blinking {unknown}
Potions
 d - a potion of agility {unknown}
 g - a potion of ambrosia {unknown}
 h - 2 potions of degeneration {unknown}
 i - a potion of heal wounds {unknown}
 k - a potion of flight {unknown}
 l - 2 potions of might {unknown}
Books
 b - a book of Changes

   Spells                             Type                      Level
   a - Beastly Appendage              Transmutation                1
   b - Sticks to Snakes               Transmutation                2
   c - Spider Form                    Transmutation/Poison         3
   d - Ice Form                       Ice/Transmutation            4
   e - Blade Hands                    Transmutation                5
Comestibles
 c - a bread ration
 j - a chunk of flesh
 n - a beef jerky
 o - 4 fruits


   Skills:
 - Level 1.0 Fighting
 - Level 2.0 Dodging
 + Level 4.4 Unarmed Combat
 - Level 2.0 Spellcasting
 - Level 2.0 Transmutations


You couldn't memorise any spells.
You knew the following spells:

 Your Spells              Type           Power        Failure   Level  Hunger
a - Beastly Appendage     Trmt           #.....       24%         1    #......
b - Sticks to Snakes      Trmt           #.........   32%         2    ###....
c - Spider Form           Trmt/Pois      #.........   61%         3    ###....


Dungeon Overview and Level Annotations

Branches:
Dungeon (2/15)

Altars:


Innate Abilities, Weirdness & Mutations

You cannot wear most types of armour.
You are amphibious.
You can wear up to eight rings at the same time.
((You can use your tentacles to constrict eight enemies at once.))
((Your skin changes colour to match your surroundings (Stealth).))
((Your rubbery body absorbs attacks (AC +1).))


Message History

The gnoll is moderately wounded.
Your transformation is almost over.
The gnoll misses you. x2
You hit the gnoll.
The gnoll looks even sicker.
The gnoll is almost dead.
The gnoll misses you. The gnoll hits you. The gnoll closely misses you.
You hit the gnoll.
You kill the gnoll!
The gnoll barely misses you. The gnoll misses you.
The gnoll completely misses you.
Things that are here:
a club; a gnoll corpse You hit the gnoll.
The gnoll is poisoned.
The gnoll is lightly wounded.
The gnoll closely misses you. The gnoll hits you!
You completely miss the gnoll.
The gnoll is moderately wounded.
The gnoll hits you with a halberd!
Ouch! That really hurt!
You die...

#############........#
# #.........##
#.........#############
#.........#............
#.........#.###########
#.........#.#
#.........#'###
#....g.###....#
#....#s###....#
#....#g.##....#
#....##.###.###
#...........#
#######..#### #.>.#
#...# .....# ####.<.


You could see 2 gnolls.

Vanquished Creatures
  A gnoll (D:2)
  A ball python (D:1)
  3 bats
  3 giant cockroaches
  4 goblins
  2 hobgoblins
  A giant newt (D:1)
  6 jackals
  6 kobolds
  4 rats (D:1)
31 creatures vanquished.

Notes
Turn   | Place    | Note
--------------------------------------------------------------
     0 | D:1      | Hanyuu the Octopode Transmuter began the quest for the Orb.
     0 | D:1      | Reached XP level 1. HP: 13/13 MP: 3/3
   446 | D:1      | Reached XP level 2. HP: 18/18 MP: 5/5
   956 | D:2      | Reached skill level 4 in Unarmed Combat
  1018 | D:2      | Reached XP level 3. HP: 15/23 MP: 4/6
  1160 | D:2      | Learned a level 2 spell: Sticks to Snakes
  1164 | D:2      | Learned a level 3 spell: Spider Form
  1324 | D:2      | Slain by a gnoll

Vault maps used:
D:1:      lightli_arrival_noodles
D:2:      first_bread, uniq_terence

Action                   || total
-------------------------++-------
Melee: Unarmed           ||    75
 Cast: Beastly Appendage ||     2
       Spider Form       ||     1
 Stab: Sleeping          ||     5
  Eat: Chunk             ||     1
